 Dungeon Crawl Stone Soup version 0.29.0-15-g675c0067aa (webtiles) character file.

Game seed: 13656432985568022531

2620 Ijustatesigmund the Fighter (level 9, -9/60 HPs)
             Began as a Gargoyle Fighter on Sept 12, 2022.
             Was a Priest of Okawaru.
             Mangled by a swamp worm (11 damage)
             ... on level 7 of the Dungeon.
             The game lasted 00:10:37 (8012 turns).

Ijustatesigmund the Fighter (Gargoyle Fighter)      Turns: 8012, Time: 00:10:37

Health: -9/60      AC: 16    Str: 25    XL:     9   Next: 60%
Magic:  12/12      EV:  9    Int:  8    God:    Okawaru [***...]
Gold:   367        SH:  4    Dex:  9    Spells: 8/8 levels left

rFire   . . .      SeeInvis .   a - +1 flail
rCold   . . .      Faith    .   c - +0 buckler
rNeg    + . .      Spirit   .   b - +0 scale mail
rPois   ∞          Reflect  .   y - +0 helmet
rElec   +          Harm     .   n - +0 cloak
rCorr   .          Rampage  .   (no gloves)
Will    .....                   (no boots)
Stlth   ..........              (no amulet)
HPRegen 0.20/turn               (no ring)
MPRegen 0.13/turn               (no ring)

@: very slow
A: sickness immunity, AC +6, negative energy resistance 1, electricity
resistance, torment resistance 1, petrification resistance
a: Renounce Religion, Heroism


You were on level 7 of the Dungeon.
You worshipped Okawaru.
Okawaru was most pleased with you.
You visited 2 branches of the dungeon, and saw 8 of its levels.

You collected 367 gold pieces.

Inventory:

Hand Weapons
 a - a +1 flail (weapon)
 p - a +1 hand axe of flaming
Missiles
 f - 16 poisoned darts (quivered)
 w - a throwing net
Armour
 b - a +0 scale mail (worn)
 c - a +0 buckler (worn)
 n - a +0 cloak (worn)
 y - a +0 helmet (worn)
Jewellery
 h - a ring of magical power
 i - a ring of protection from cold
Wands
 k - a wand of mindburst (12)
 q - a wand of polymorph (11)
 r - a wand of light (5)
 s - a wand of paralysis (6)
Scrolls
 m - a scroll of magic mapping
 t - a scroll of fear
 v - 2 scrolls of teleportation
 x - a scroll of enchant weapon
 A - 2 scrolls of identify
Potions
 d - a potion of might
 e - 2 potions of brilliance
 g - a potion of flight
 j - 2 potions of haste
 l - 3 potions of attraction
 o - a potion of cancellation
 u - 2 potions of curing
 z - 2 potions of mutation {unknown}


   Skills:
 + Level 8.5 Fighting
 + Level 7.4 Maces & Flails
 - Level 6.1 Armour
 - Level 3.2 Shields
 + Level 4.6 Invocations
 + Level 3.8 Evocations


You had 8 spell levels left.
You didn't know any spells.
Your spell library contained the following spells:

 Spells                   Type           Power      Damage    Failure   Level
 Shock                    Conj/Air       0%         1d3       77%         1
 Slow                     Hex            0%         N/A       77%         1
 Confusing Touch          Hex            0%         N/A       98%         3
 Swiftness                Air            0%         N/A       98%         3
 Vampiric Draining        Necr           0%         2d6       98%         3
 Airstrike                Air            0%         2d(0-16)  100%        4


Dungeon Overview and Level Annotations

Branches:
Dungeon (7/15)             Temple (1/1) D:4

Altars:
Cheibriados
Dithmenos
Elyvilon
Hepliaklqana
Kikubaaqudgha
Makhleb
Okawaru
Ru
Sif Muna
Vehumet
Wu Jian
Xom
Zin
The Shining One

Shops:
D:6 =


Innate Abilities, Weirdness & Mutations

You are immune to sickness and miasma.
Your stone body is resilient. (AC +6)
You are immune to poison.
You resist negative energy. (rN+)
You are resistant to electric shocks. (rElec)
You are resistant to unholy torment.
You are immune to petrification.


Message History

You sock the swamp worm!
The swamp worm is heavily wounded.
The swamp worm bites you!!
You are too injured to fight recklessly!
You are too injured to fight recklessly!
You are too injured to fight recklessly!
You are too injured to fight recklessly!
You are too injured to fight recklessly!
You are too injured to fight recklessly!
You are too injured to fight recklessly!
You are too injured to fight recklessly!
You are too injured to fight recklessly!
You are too injured to fight recklessly!
You are too injured to fight recklessly!
You are too injured to fight recklessly!
You are too injured to fight recklessly!
You are too injured to fight recklessly!
You are too injured to fight recklessly!
You are too injured to fight recklessly!
Aiming: Paralyse
Press: ? - help, Shift-Dir - straight line, f - swamp worm
Aim: a swamp worm (heavily wounded, chance to affect: 67%)
The swamp worm struggles to resist.
The swamp worm bites you!
* * * LOW HITPOINT WARNING * * *
A swamp worm comes into view.
The swamp worm bites you.
* * * LOW HITPOINT WARNING * * *
Aiming: Paralyse
Press: ? - help, Shift-Dir - straight line, f/p - swamp worm
Aim: a swamp worm (moderately wounded, chance to affect: 67%)
The swamp worm suddenly stops moving!
The swamp worm fires a harpoon shot at you.
The harpoon shot hits you!
* * * LOW HITPOINT WARNING * * *
You are yanked forward by the harpoon shot.
Splash!
You fall into the shallow water.
Moving in this stuff is going to be slow.
The swamp worm bites you!
You die...

#.# #~~ ~~~~##.#####..#
#.# #~~≈ #~~~#.........
#.# ##~~P #≈~..........
#.# ..~~ #~~.....##..#
#.# .#~~~
##≈~..##.##..# #.#
..~~≈##
###≈~~#.##.#...# #.#
#~~~~###~~~~##.##.#..##
#.#
#~ww~≈~~####.##......
#.#
##~~@~~#####.####...#
#.# #####.......# ##..#
..# #######.#####..#
### #.........
#######..# #..# #..#
#..# ...#


You could see 2 swamp worms.

Vanquished Creatures
  Sigmund (D:6)
  3 yaks (D:5)
  A steam dragon (D:7)
  A water moccasin (D:6)
  A sky beast (D:7)
  2 black bears
  An ogre (D:5)
  2 centaurs
  A phantom (D:5)
  A kobold brigand (D:6)
  A bullfrog (D:7)
  A necrophage (D:6)
  3 scorpions
  3 howler monkeys
  7 hounds
  An orc priest (D:6)
  A jelly (D:5)
  A gnoll bouda (D:6)
  3 iguanas
  An orc wizard (D:3)
  Natasha (D:3)
  Robin (D:3)
  12 gnolls
  6 adders
  A worm (D:4)
  5 dart slugs
  17 orcs
  6 ball pythons
  6 endoplasms
  4 giant cockroaches
  15 goblins
  5 hobgoblins
  7 jackals
  7 quokkas
  5 bats
  2 frilled lizards
  13 kobolds
  10 rats
159 creatures vanquished.

Vanquished Creatures (others)
  4 plants (D:7)
4 creatures vanquished.

Grand Total: 163 creatures vanquished

Notes
Turn   | Place    | Note
-------+----------+-------------------------------------------
     0 | D:1      | Ijustatesigmund the Gargoyle Fighter began the quest for
                  | the Orb.
     0 | D:1      | Reached XP level 1. HP: 14/14 MP: 1/1
   167 | D:1      | Reached XP level 2. HP: 8/20 MP: 2/2
   411 | D:1      | Reached XP level 3. HP: 22/24 MP: 3/3
   413 | D:1      | Reached skill level 4 in Fighting
  1346 | D:2      | Reached XP level 4. HP: 30/30 MP: 4/4
  2349 | D:3      | Noticed Robin
  2369 | D:3      | Reached XP level 5. HP: 15/34 MP: 5/5
  2778 | D:3      | Killed Robin
  3010 | D:3      | Reached skill level 5 in Fighting
  3152 | D:3      | Noticed Natasha
  3162 | D:3      | Killed Natasha
  3357 | D:3      | Found a shadowy altar of Dithmenos.
  3495 | D:4      | Found a staircase to the Ecumenical Temple.
  3500 | D:4      | Noticed a black bear
  3509 | D:4      | Killed a black bear
  3510 | D:4      | Reached XP level 6. HP: 40/40 MP: 6/6
  3515 | Temple   | Entered the Ecumenical Temple
  3521 | Temple   | Became a worshipper of Warmaster Okawaru
  4103 | D:5      | Entered Level 5 of the Dungeon
  4145 | D:5      | Reached XP level 7. HP: 40/45 MP: 7/7
  4217 | D:5      | Reached skill level 6 in Fighting
  4217 | D:5      | Reached skill level 5 in Armour
  4518 | D:5      | Reached skill level 5 in Maces & Flails
  4699 | D:5      | Reached * piety under Okawaru
  4929 | D:5      | Found a shimmering blue altar of Sif Muna.
  5412 | D:5      | Reached XP level 8. HP: 52/52 MP: 8/8
  5543 | D:5      | Reached skill level 7 in Fighting
  5838 | D:6      | Noticed a yak
  5839 | D:6      | Noticed a yak
  5840 | D:6      | Noticed a yak
  5865 | D:5      | Killed a yak
  5866 | D:5      | Reached skill level 1 in Invocations
  5866 | D:5      | Reached skill level 1 in Evocations
  6058 | D:5      | Killed a yak
  6242 | D:5      | Killed a yak
  6242 | D:5      | Reached ** piety under Okawaru
  6484 | D:6      | Found Huut's Jewellery Shop.
  6568 | D:6      | Reached XP level 9. HP: 55/59 MP: 11/11
  6659 | D:6      | Noticed Sigmund
  6858 | D:6      | Killed Sigmund
  6859 | D:6      | Reached skill level 8 in Fighting
  7323 | D:6      | Found a burning altar of Makhleb.
  7893 | D:7      | Reached *** piety under Okawaru
  8012 | D:7      | HP: 2/60 [swamp worm/harpoon shot (14)]
  8012 | D:7      | Mangled by a swamp worm

Illustrated notes

Levels and vault maps discovered:
D:1:      dpeg_arrival_arbitrary_c, layout_basic, minivault_11
D:2:      layout_basic
D:3:      layout_loops_ring, nicolae_dithmenos_through_a_glass_darkly,
          uniq_natasha, uniq_robin
D:4:      layout_loops_ring, minmay_temple_entry_statues_fountains
D:5:      layout_basic, nicolae_sif_muna_condensation, st_stairs_10
D:6:      layout_loops_ring, mainiacjoe_overflow_alcove_4, serial_shops, shop,
          corexii_leaking_fountain, uniq_sigmund
D:7:      layout_loops_ring, trog_book, worms_lemuel
Temple:   hellmonk_temple_two_chambers

Skill      XL: |  1  2  3  4  5  6  7  8  9 |
---------------+----------------------------+-----
Fighting       | 4 5 6 7 8 |  8.5
Maces & Flails | 3 4 5 6 7 |  7.4
Armour         | 4 5 6 |  6.1
Invocations    | 3 4 |  4.6
Evocations     | 2 3 |  3.8
Shields        | |  3.2

Action                   |  1- 3 |  4- 6 |  7- 9 || total
-------------------------+-------+-------+-------++-------
Melee: Flail             |   100 |   263 |   316 ||   679
Throw: Dart              |       |     3 |     4 ||     7
Evoke: Wand              |       |       |     3 ||     3
  Use: Scroll            |     4 |    10 |     1 ||    15
       Potion            |       |     2 |     4 ||     6
 Stab: Invisible         |       |       |     1 ||     1
Armor: Scale mail        |    73 |   151 |   210 ||   434
Dodge: Dodged            |    58 |   127 |   165 ||   350
Block: Buckler           |    23 |    53 |    64 ||   140
